 Dungeon Crawl Stone Soup version 0.28.0 (webtiles) character file.

Game seed: 8198571976159296025

123 BeingJoeMalik the Grave Robber (level 4, 0/30 HPs)
             Began as a Demonspawn Necromancer on Feb 11, 2022.
             Slain by an ogre (17 damage)
             ... on level 3 of the Dungeon.
             The game lasted 00:09:09 (4025 turns).

BeingJoeMalik the Grave Robber (DsNe)               Turns: 4025, Time: 00:09:10

Health: 0/30       AC:  2    Str:  8    XL:     4   Next: 79%
Magic:  4/8        EV: 12    Int: 19    God:
Gold:   128        SH:  0    Dex: 13    Spells: 3/8 levels left

rFire   . . .      SeeInvis .   k - +1 short sword (venom)
rCold   . . .      Faith    .   (no shield)
rNeg    . . .      Spirit   .   a - +0 robe
rPois   .          Reflect  .   (no helmet)
rElec   .          Harm     .   (no cloak)
rCorr   .          Rampage  .   (no gloves)
Will    .....                   (no boots)
Stlth   ++........              h - amulet of magic regeneration
HPRegen 0.10/turn               (no ring)
MPRegen 0.62/turn               (no ring)

@: no status effects
A: foul stench 1, magic regeneration
a: no special abilities


You were on level 3 of the Dungeon.
You visited 1 branch of the dungeon, and saw 4 of its levels.

You collected 128 gold pieces.

Inventory:

Hand Weapons
 d - a +0 whip
 k - a +1 short sword of venom (weapon)
 m - a +1 vorpal trident
Armour
 a - a +0 robe (worn)
Jewellery
 f - a ring of ice
 h - an amulet of magic regeneration (around neck)
Scrolls
 b - a scroll of identify {unknown}
 c - a scroll of blinking {unknown}
 j - a scroll of enchant weapon {unknown}
 l - a scroll of enchant armour {unknown}
Potions
 e - 2 potions of curing {unknown}
 g - 2 potions of degeneration {unknown}
 i - a potion of lignification {unknown}
 n - a potion of ambrosia {unknown}


   Skills:
 * Level 0.4 Short Blades
 - Level 1.1 Maces & Flails
 - Level 1.7 Dodging
 - Level 1.7 Stealth
 + Level 2.7 Spellcasting
 + Level 6.0 Necromancy


You had 3 spell levels left.
You knew the following spells:

 Your Spells              Type           Power      Damage    Failure   Level
a - Pain                  Necr           100%       1d9       1%          1
b - Animate Skeleton      Necr           50%        N/A       1%          1
c - Vampiric Draining     Necr           25%        2d7       4%          3

Your spell library contained the following spells:

 Spells                   Type           Power      Damage    Failure   Level
 Animate Dead             Necr           12%        N/A       13%         4
 Agony                    Necr           25%        N/A       36%         5
 Excruciating Wounds      Necr           12%        N/A       36%         5


Dungeon Overview and Level Annotations

Branches:
Dungeon (4/15)
 Temple: D:4-7

Altars:

Shops:
D:1 *


Innate Abilities, Weirdness & Mutations

You may rarely emit foul miasma when damaged in melee.
You regenerate magic rapidly.


Message History

Casting: Pain (safe; 1% risk of failure)
Confirm with . or Enter, or press ? or * to list all spells.
You can't see any susceptible monsters within range! (Use Z to cast anyway.)
Casting: Pain (safe; 1% risk of failure)
Confirm with . or Enter, or press ? or * to list all spells.
Aiming: Pain (safe; 1% risk of failure)
Press: ? - help, Shift-Dir - straight line, f - ogre
Aim: an ogre, wielding a +0 giant club (chance to affect: 83%)
The ogre barely resists.
Casting: Pain (safe; 1% risk of failure)
Confirm with . or Enter, or press ? or * to list all spells.
Aiming: Pain (safe; 1% risk of failure)
Press: ? - help, Shift-Dir - straight line, f/p - ogre
Aim: an ogre, wielding a +0 giant club (chance to affect: 83%)
The ogre writhes in agony!
Casting: Pain (safe; 1% risk of failure)
Confirm with . or Enter, or press ? or * to list all spells.
Aiming: Pain (safe; 1% risk of failure)
Press: ? - help, Shift-Dir - straight line, f/p - ogre
Aim: an ogre, wielding a +0 giant club (moderately wounded, chance to affect: 83%)
The ogre writhes in agony.
Casting: Pain (safe; 1% risk of failure)
Confirm with . or Enter, or press ? or * to list all spells.
Aiming: Pain (safe; 1% risk of failure)
Press: ? - help, Shift-Dir - straight line, f/p - ogre
Aim: an ogre, wielding a +0 giant club (moderately wounded, chance to affect: 83%)
The ogre writhes in agony.
Your magical contamination has completely faded away.
You barely miss the ogre.
The ogre is heavily wounded.
The ogre hits you with a +0 giant club!
Casting: Pain (safe; 1% risk of failure)
Confirm with . or Enter, or press ? or * to list all spells.
Aiming: Vampiric Draining (dangerous; 4% risk of failure)
Press: ? - help, Shift-Dir - straight line, f/p - ogre
Aim: an ogre, wielding a +0 giant club (heavily wounded)
You draw life force from the ogre.
You feel life coursing into your body. The ogre hits you with a +0 giant club!
Ouch! That really hurt!
You die...

.##......#
.........#........
.#...#.#.#.......! .#
.#.......#.......#####.#
.........#.............
.....................#
.....................+
..).............O....###
................@.......
.###.................###
.######..............#
..## #................#
...# ##....#..........#
#.## #....#..........#
.## #....#..........# ##
#........########
#........#


You could see an ogre.

Vanquished Creatures
  3 adders
  A worm (D:2)
  4 dart slugs
  10 orcs
  3 endoplasms
  7 giant cockroaches
  2 goblins
  4 hobgoblins
  11 jackals
  4 kobolds
  2 quokkas
  6 ball pythons
  5 bats
  3 frilled lizards
  6 rats
71 creatures vanquished.

Notes
Turn   | Place    | Note
-------+----------+-------------------------------------------
     0 | D:1      | BeingJoeMalik the Demonspawn Necromancer began the quest
                  | for the Orb.
     0 | D:1      | Reached XP level 1. HP: 13/13 MP: 3/3
     2 | D:1      | Learned a level 1 spell: Animate Skeleton
   496 | D:1      | Gained mutation: You may rarely emit foul miasma when
                  | damaged in melee. [demonic ancestry]
   496 | D:1      | Reached XP level 2. HP: 10/19 MP: 0/5
   562 | D:1      | Reached skill level 5 in Necromancy
  1027 | D:1      | Found Bupt's General Store.
  2023 | D:2      | Reached XP level 3. HP: 23/24 MP: 4/6
  2027 | D:2      | Learned a level 3 spell: Vampiric Draining
  2194 | D:2      | Found a faded altar of an unknown god.
  2790 | D:2      | Gained mutation: You regenerate magic rapidly. [demonic
                  | ancestry]
  2790 | D:2      | Reached XP level 4. HP: 16/30 MP: 3/7
  2797 | D:2      | Reached skill level 1 in Maces & Flails
  3236 | D:3      | You fall into a shaft and drop 1 floor!
  3973 | D:3      | Reached skill level 6 in Necromancy
  4018 | D:3      | Noticed an ogre
  4025 | D:3      | Slain by an ogre

Illustrated notes

Levels and vault maps discovered:
D:1:      lightli_arrival_boilingwater, layout_basic, serial_shops, shop,
          hangedman_decor_opposing, corexii_leaking_fountain,
          kennysheep_decorative_pillar, minmay_misc_feat_rugged
D:2:      layout_basic, shapermc_ecumenical_altar_venn,
          hangedman_abyss_or_decor_stabs
D:3:      minmay_inner_zag, layout_basic, nicolae_hepliaklqana_hazy_memory,
          minivault_19
D:4:      layout_rooms, kennysheep_generic_room_8

Skill      XL: |  1  2  3  4 |
---------------+-------------+-----
Necromancy     | 5 6 |  6.0
Maces & Flails | 1 |  1.1
Short Blades   | |  0.4
Dodging        | |  1.7
Stealth        | |  1.7
Spellcasting   | |  2.7

Action                   |  1- 3 |  4- 6 || total
-------------------------+-------+-------++-------
Melee: Unarmed           |    12 |       ||    12
       Punch             |     4 |       ||     4
       Whip              |    19 |     3 ||    22
       Short sword       |       |     7 ||     7
 Cast: Pain              |    82 |    33 ||   115
       Animate Skeleton  |     6 |       ||     6
       Vampiric Draining |       |    10 ||    10
Armor: Robe              |    23 |     4 ||    27
Dodge: Dodged            |    44 |    23 ||    67
